[ AOE2 MATCH · #506086780 ]
UnrankedEthiopians vs Celts
Rival team · LOSS
[ REPLAY ANALYSIS · EXTRACTED FROM THE RECORDED GAME ]
Feudal
9:17
Castle
22:07
Imperial
38:16
| APM avg | 64.2 |
| APM peak | 117 |
| eAPM avg | 37.4 |
| Villagers / military | 223 / 412 |
Focus
⚔️ 45.7% · 🌾 54.3%
Archer ×177 · Scout Cavalry ×167 · Shotel Warrior ×27 · Mangonel ×16 · Bombard Cannon ×13 · Monk ×8
Feudal
11:52
Castle
21:26
Imperial
42:06
| APM avg | 55.4 |
| APM peak | 95 |
| eAPM avg | 38.0 |
| Villagers / military | 242 / 381 |
Focus
⚔️ 43.9% · 🌾 56.1%
Skirmisher ×214 · Spearman ×73 · Militia ×22 · Mangonel ×21 · Woad Raider ×20 · Battering Ram ×16
Match map
Initial resources + every placement click. Lines = walls · curves = elevation contours. ◆ gold · ⬟ stone · ● berries · ✦ relic · ◌ wall gap
Your base· ✓ Closed at 22:07 · 19t walls · 5 gate(s)
elbanovic's base· Open — 3t gap
Smoothed initial terrain · ◌ = detected wall gap · hover for details
Inputs per minute
— Nacional - - elbanovic
Build order — Nacional
First 150 of 929 actions detected
| 0:01 | Create | Villager (Male) |
| 0:01 | Create | Villager (Male) |
| 0:02 | Build | House |
| 0:04 | Build | House |
| 0:07 | Create | Villager (Male) |
| 0:09 | Create | Villager (Male) |
| 1:27 | Create | Villager (Male) |
| 2:01 | Create | Villager (Male) |
| 2:02 | Create | Villager (Male) |
| 2:08 | Create | Villager (Male) |
| 2:08 | Create | Villager (Male) |
| 2:19 | Build | Lumber Camp |
| 2:54 | Create | Villager (Male) |
| 3:18 | Create | Villager (Male) |
| 3:31 | Create | Villager (Male) |
| 3:31 | Create | Villager (Male) |
| 3:36 | Create | Villager (Male) |
| 3:36 | Create | Villager (Male) |
| 3:48 | Build | House |
| 4:18 | Create | Villager (Male) |
| 4:47 | Create | Villager (Male) |
| 5:18 | Build | Palisade Gate |
| 5:27 | Create | Villager (Male) |
| 5:37 | Create | Villager (Male) |
| 5:37 | Create | Villager (Male) |
| 5:40 | Build | Mill |
| 6:36 | Build | Barracks |
| 6:39 | Research | Loom |
| 7:07 | Research | Feudal Age |
| 7:08 | Research | Feudal Age |
| 7:22 | Build | House |
| 7:38 | Create | Militia |
| 8:12 | Create | Villager (Male) |
| 8:12 | Create | Villager (Male) |
| 8:15 | Create | Militia |
| 8:20 | Create | Villager (Male) |
| 8:20 | Create | Villager (Male) |
| 8:34 | Build | House |
| 8:57 | Create | Villager (Male) |
| 9:02 | Create | Villager (Male) |
| 9:02 | Create | Villager (Male) |
| 9:16 | Create | Villager (Male) |
| 9:17 | Age | Feudal Age |
| 9:22 | Build | Archery Range |
| 9:33 | Create | Villager (Male) |
| 9:42 | Create | Villager (Male) |
| 9:55 | Create | Villager (Male) |
| 9:58 | Build | Mining Camp |
| 10:12 | Create | Villager (Male) |
| 10:22 | Create | Archer |
| 10:23 | Create | Villager (Male) |
| 10:27 | Build | Palisade Gate |
| 10:34 | Build | Mill |
| 10:35 | Create | Villager (Male) |
| 10:38 | Create | Villager (Male) |
| 10:50 | Create | Archer |
| 11:00 | Create | Archer |
| 11:10 | Create | Villager (Male) |
| 11:15 | Create | Villager (Male) |
| 11:21 | Build | House |
| 11:22 | Build | Palisade Wall |
| 11:28 | Create | Archer |
| 11:33 | Create | Villager (Male) |
| 11:44 | Build | Palisade Gate |
| 11:45 | Build | House |
| 11:52 | Create | Villager (Male) |
| 12:04 | Create | Archer |
| 12:27 | Create | Villager (Male) |
| 12:28 | Create | Villager (Male) |
| 12:29 | Build | Archery Range |
| 12:32 | Build | Blacksmith |
| 12:37 | Create | Archer |
| 12:37 | Create | Archer |
| 12:40 | Build | Palisade Wall |
| 12:41 | Create | Villager (Male) |
| 12:41 | Create | Villager (Male) |
| 12:45 | Build | Palisade Wall |
| 12:54 | Build | Farm |
| 13:07 | Create | Villager (Male) |
| 13:07 | Create | Villager (Male) |
| 13:12 | Build | House |
| 13:32 | Research | Fletching |
| 13:32 | Research | Fletching |
| 13:36 | Build | House |
| 13:38 | Build | Farm |
| 13:39 | Build | Farm |
| 13:45 | Build | Farm |
| 13:47 | Build | Farm |
| 13:49 | Create | Villager (Male) |
| 13:49 | Create | Villager (Male) |
| 14:04 | Build | House |
| 14:13 | Build | Farm |
| 14:14 | Build | Farm |
| 14:15 | Build | Farm |
| 14:20 | Create | Archer |
| 14:30 | Create | Villager (Male) |
| 14:31 | Build | Farm |
| 14:38 | Research | Double-Bit Axe |
| 14:38 | Research | Double-Bit Axe |
| 14:47 | Create | Villager (Male) |
| 15:02 | Create | Archer |
| 15:09 | Create | Villager (Male) |
| 15:10 | Build | Farm |
| 15:17 | Build | Farm |
| 15:29 | Create | Villager (Male) |
| 15:31 | Build | Farm |
| 15:37 | Build | House |
| 15:37 | Build | House |
| 15:38 | Build | House |
| 15:43 | Build | House |
| 15:44 | Build | House |
| 15:51 | Create | Archer |
| 15:59 | Create | Villager (Male) |
| 16:01 | Build | Farm |
| 16:10 | Create | Villager (Male) |
| 16:13 | Create | Villager (Male) |
| 16:22 | Create | Villager (Male) |
| 16:24 | Build | Lumber Camp |
| 16:39 | Create | Archer |
| 16:42 | Create | Villager (Male) |
| 16:46 | Build | House |
| 16:49 | Create | Villager (Male) |
| 16:50 | Build | Farm |
| 17:52 | Research | Wheelbarrow |
| 17:59 | Create | Villager (Male) |
| 18:02 | Build | Farm |
| 18:03 | Build | Farm |
| 18:06 | Create | Villager (Male) |
| 18:16 | Build | Market |
| 18:22 | Build | House |
| 18:27 | Create | Archer |
| 18:29 | Create | Villager (Male) |
| 18:31 | Build | Archery Range |
| 18:37 | Build | House |
| 18:51 | Build | Palisade Gate |
| 18:58 | Build | Palisade Gate |
| 19:00 | Build | Palisade Wall |
| 19:20 | Research | Castle Age |
| 19:20 | Research | Castle Age |
| 19:30 | Build | House |
| 19:44 | Research | Padded Archer Armor |
| 19:44 | Research | Padded Archer Armor |
| 19:50 | Create | Villager (Male) |
| 19:51 | Create | Villager (Male) |
| 19:53 | Build | Lumber Camp |
| 19:54 | Create | Archer |
| 19:55 | Create | Archer |
| 19:55 | Create | Archer |
| 20:04 | Create | Villager (Male) |
| 20:04 | Create | Villager (Male) |
Build order — elbanovic
First 150 of 938 actions detected
| 0:00 | Create | Villager (Male) |
| 0:01 | Create | Villager (Male) |
| 0:01 | Create | Villager (Male) |
| 0:01 | Create | Villager (Male) |
| 0:01 | Create | Villager (Male) |
| 0:02 | Build | House |
| 0:03 | Build | House |
| 1:27 | Create | Villager (Male) |
| 1:55 | Create | Villager (Male) |
| 1:55 | Create | Villager (Male) |
| 2:26 | Create | Villager (Male) |
| 2:36 | Build | Lumber Camp |
| 2:47 | Create | Villager (Male) |
| 3:07 | Create | Villager (Male) |
| 3:23 | Create | Villager (Male) |
| 4:06 | Create | Villager (Male) |
| 4:06 | Create | Villager (Male) |
| 4:15 | Build | House |
| 4:44 | Build | Barracks |
| 5:04 | Create | Villager (Male) |
| 5:04 | Create | Villager (Male) |
| 5:08 | Build | House |
| 5:10 | Create | Villager (Male) |
| 5:27 | Build | Palisade Wall |
| 5:31 | Create | Villager (Male) |
| 5:44 | Create | Militia |
| 5:57 | Create | Militia |
| 6:08 | Create | Militia |
| 6:12 | Create | Villager (Male) |
| 6:31 | Build | House |
| 6:49 | Create | Villager (Male) |
| 7:05 | Build | Palisade Wall |
| 7:07 | Create | Villager (Male) |
| 7:12 | Build | Palisade Wall |
| 7:33 | Create | Villager (Male) |
| 7:44 | Build | Mill |
| 7:44 | Create | Villager (Male) |
| 7:57 | Create | Villager (Male) |
| 8:14 | Create | Villager (Male) |
| 8:53 | Research | Loom |
| 9:10 | Build | House |
| 9:40 | Build | Lumber Camp |
| 9:41 | Research | Feudal Age |
| 9:41 | Research | Feudal Age |
| 9:54 | Build | Mining Camp |
| 10:16 | Create | Villager (Male) |
| 10:31 | Build | Farm |
| 10:58 | Create | Militia |
| 11:04 | Build | Farm |
| 11:06 | Create | Militia |
| 11:07 | Create | Villager (Male) |
| 11:40 | Build | House |
| 11:41 | Create | Militia |
| 11:52 | Age | Feudal Age |
| 11:55 | Build | Archery Range |
| 11:58 | Research | Double-Bit Axe |
| 12:19 | Build | House |
| 12:28 | Build | House |
| 12:29 | Build | House |
| 12:29 | Create | Villager (Male) |
| 12:42 | Create | Villager (Male) |
| 12:42 | Create | Skirmisher |
| 12:47 | Build | Farm |
| 12:53 | Research | Horse Collar |
| 12:55 | Build | Farm |
| 12:57 | Build | Farm |
| 13:17 | Build | Farm |
| 13:22 | Build | Farm |
| 13:26 | Build | Farm |
| 13:36 | Create | Skirmisher |
| 13:38 | Create | Villager (Male) |
| 13:57 | Create | Skirmisher |
| 13:57 | Create | Villager (Male) |
| 14:02 | Build | Farm |
| 14:04 | Create | Villager (Male) |
| 14:04 | Create | Villager (Male) |
| 14:10 | Build | Farm |
| 14:17 | Create | Skirmisher |
| 14:17 | Create | Villager (Male) |
| 14:19 | Build | Farm |
| 14:26 | Create | Villager (Male) |
| 14:31 | Build | Farm |
| 14:41 | Research | Man-at-Arms (upgrade) |
| 14:44 | Create | Skirmisher |
| 14:59 | Build | Blacksmith |
| 15:01 | Create | Skirmisher |
| 15:11 | Create | Villager (Male) |
| 15:23 | Create | Militia |
| 15:26 | Build | Farm |
| 15:35 | Create | Villager (Male) |
| 15:38 | Build | Farm |
| 15:43 | Create | Militia |
| 15:44 | Create | Skirmisher |
| 15:52 | Research | Fletching |
| 15:53 | Research | Fletching |
| 15:55 | Build | House |
| 16:08 | Create | Villager (Male) |
| 16:17 | Build | Farm |
| 16:20 | Research | Padded Archer Armor |
| 16:35 | Create | Skirmisher |
| 16:41 | Create | Villager (Male) |
| 16:43 | Build | Farm |
| 17:03 | Create | Skirmisher |
| 17:06 | Create | Villager (Male) |
| 17:08 | Build | Farm |
| 17:23 | Create | Villager (Male) |
| 17:34 | Build | Market |
| 17:45 | Create | Villager (Male) |
| 18:03 | Create | Villager (Male) |
| 18:09 | Create | Villager (Male) |
| 18:24 | Build | House |
| 18:41 | Research | Castle Age |
| 18:42 | Research | Castle Age |
| 18:42 | Research | Castle Age |
| 19:03 | Create | Skirmisher |
| 19:14 | Create | Militia |
| 19:15 | Create | Skirmisher |
| 19:20 | Build | Farm |
| 19:26 | Research | Scale Mail Armor |
| 19:35 | Create | Militia |
| 19:50 | Create | Skirmisher |
| 19:53 | Create | Villager (Male) |
| 20:09 | Create | Skirmisher |
| 20:19 | Create | Villager (Male) |
| 20:25 | Create | Militia |
| 20:25 | Create | Skirmisher |
| 20:27 | Build | House |
| 20:28 | Build | House |
| 20:38 | Create | Militia |
| 20:39 | Create | Skirmisher |
| 21:02 | Research | Wheelbarrow |
| 21:26 | Age | Castle Age |
| 21:30 | Research | Elite Skirmisher (upgrade) |
| 21:32 | Research | Bodkin Arrow |
| 21:33 | Create | Villager (Male) |
| 21:34 | Build | Farm |
| 21:49 | Research | Long Swordsman (upgrade) |
| 21:49 | Research | Long Swordsman (upgrade) |
| 21:49 | Create | Villager (Male) |
| 22:16 | Create | Villager (Male) |
| 22:27 | Research | Leather Archer Armor |
| 22:33 | Research | Arson |
| 22:33 | Research | Arson |
| 22:36 | Create | Skirmisher |
| 22:50 | Create | Villager (Male) |
| 22:59 | Research | Gold Mining |
| 23:01 | Build | Farm |
| 23:01 | Build | Farm |
| 23:11 | Create | Skirmisher |
| 23:14 | Create | Villager (Male) |
Match timeline
| 4:44 | elbanovic · first_building Barracks |
| 5:27 | elbanovic · wall_segment Palisade Wall x6 |
| 6:36 | Nacional · first_building Barracks |
| 7:05 | elbanovic · wall_segment Palisade Wall x7 |
| 7:12 | elbanovic · wall_segment Palisade Wall x10 |
| 9:17 | Nacional · age_up feudal |
| 9:22 | Nacional · first_building Archery Range |
| 11:22 | Nacional · wall_segment Palisade Wall x6 |
| 11:52 | elbanovic · age_up feudal |
| 11:55 | elbanovic · first_building Archery Range |
| 12:40 | Nacional · wall_segment Palisade Wall x5 |
| 12:45 | Nacional · wall_segment Palisade Wall x7 |
| 18:29 | elbanovic · first_market_sell 100 stone |
| 18:30 | elbanovic · first_market_buy 100 food |
| 19:00 | Nacional · wall_segment Palisade Wall x1 |
| 19:19 | Nacional · first_market_buy 100 food |
| 19:19 | Nacional · first_market_sell 100 wood |
| 21:26 | elbanovic · age_up castle |
| 22:07 | Nacional · age_up castle |
| 22:25 | Nacional · first_building Siege Workshop |
| 24:01 | elbanovic · wall_segment Palisade Wall x1 |
| 24:06 | elbanovic · first_building Siege Workshop |
| 28:01 | elbanovic · first_building Monastery |
| 28:05 | Nacional · first_building Monastery |
| 30:26 | Nacional · first_building Castle |
| 32:37 | elbanovic · first_building Castle |
| 38:16 | Nacional · age_up imperial |
| 38:59 | Nacional · wall_segment Stone Wall x2 |
| 40:16 | Nacional · wall_segment Stone Wall x2 |
| 42:06 | elbanovic · age_up imperial |
| 46:56 | Nacional · first_building Stable |
| 47:01 | elbanovic · wall_segment Stone Wall x1 |
| 60:19 | elbanovic · resign |
[ AI ANALYSIS · 1 CREDIT ]
What really happened in this match?
Wolo.gg analyzes every decision: build order, eco, micro, common mistakes by bracket. Personalized analysis on WhatsApp or Discord in 30 seconds.
Civ guide
Ethiopians
Perfil
Jugador #15442657